 Dungeon Crawl Stone Soup version 0.30-a0-845-g7c6808c8ce (webtiles) character file.

Game seed: 18419175930018059296

35 dialectric the Trooper (level 3, -2/20 HPs)
             Began as a Vine Stalker Fighter on Mar 2, 2023.
             Was an Initiate of Gozag.
             Slain by a river rat (6 damage)
             ... in a sewer.
             The game lasted 00:01:46 (940 turns).

dialectric the Trooper (Vine Stalker Fighter)        Turns: 940, Time: 00:01:47

Health: -2/20      AC:  7    Str: 20    XL:     3   Next: 35%
Magic:  0/4        EV:  9    Int:  8    God:    Gozag
Gold:   92         SH:  0    Dex: 13    Spells: 2/2 levels left

rFire   . . .      SeeInvis .    a - +0 long sword
rCold   . . .      Faith    .    (no shield)
rNeg    . . .      Spirit   +    b - +0 scale mail
rPois   .          Reflect  .    (no helmet)
rElec   .          Rampage  .    k - +0 cloak
rCorr   .                        (no gloves)
Will    .....                    (no boots) Stlth
                                 (no amulet)
HPRegen 0.23/turn                (no ring)
MPRegen 0.09/turn                (no ring)

@: gold aura
A: fangs 2, magic shield, antimagic bite, no potion heal 2
a: Renounce Religion, Potion Petition, Call Merchant, Bribe Branch


You were in a sewer.
You worshipped Gozag.
Gozag was noncommittal.
You visited 1 branch of the dungeon, and saw 3 of its levels.
You also visited: Sewer.

You collected 92 gold pieces.

Inventory:

Hand Weapons
 a - a +0 long sword (weapon)
Missiles
 h - 4 javelins (quivered)
Armour
 b - a +0 scale mail (worn)
 c - a +0 buckler
 k - a +0 cloak (worn)
Wands
 n - a wand of mindburst (14)
 o - a wand of polymorph (4)
Scrolls
 g - a scroll of enchant weapon {unknown}
 i - a scroll of blinking {unknown}
 j - a scroll of poison {unknown}
 l - a scroll of identify
Potions
 d - a potion of might
 e - a potion of mutation
 f - 2 potions of berserk rage {unknown}
 m - a potion of magic {unknown}
 p - a potion of flight {unknown}


   Skills:
 - Level 3.0 Fighting
 * Level 2.3 Long Blades
 * Level 2.7 Armour
 + Level 0.1 Dodging
 + Level 3.0 Shields


You had 2 spell levels left.
You didn't know any spells.
Your spell library was empty.

Dungeon Overview and Level Annotations

Branches:
Dungeon (3/15)              Sewer (1/1)

Altars:
Gozag

Annotations:
D:2 Terence


Innate Abilities, Weirdness & Mutations

You have extremely sharp teeth.
When hurt, damage is shared between your health and your magic reserves.
Your bite disrupts and absorbs the magic of your enemies.
Potions cannot restore your health.


Message History

The ball python is severely wounded.
The ball python bites you but does no damage.
The ball python constricts you. The frilled lizard barely misses you.
The rat bites you but does no damage.
The ball python bites you but does no damage.
The ball python constricts you. The rat bites you.
The frilled lizard bites you but does no damage.
You closely miss the ball python.
The ball python is severely wounded.
A rat comes into view.
The ball python bites you but does no damage.
The ball python constricts you. The rat barely misses you.
The frilled lizard bites you but does no damage.
You hit the ball python but do no damage.
You bite the ball python.
You kill the ball python!
The frilled lizard bites you but does no damage.
The rat barely misses you. The river rat bites you.
You closely miss the rat.
The rat is severely wounded.
The kobold barely misses you. The rat closely misses you.
The river rat bites you but does no damage.
The frilled lizard misses you. The kobold completely misses you.
You hit the rat.
You kill the rat!
The frilled lizard barely misses you. The river rat bites you!
The kobold closely misses you.
The river rat twitches its whiskers.
The river rat bites you.
* * * LOW HITPOINT WARNING * * *
The frilled lizard bites you but does no damage.
You are too injured to fight recklessly!
You are too injured to fight recklessly!
You are too injured to fight recklessly!
You are too injured to fight recklessly!
You are too injured to fight recklessly!
The kobold attacks as you move away! The kobold closely misses you.
The river rat bites you.
You die...
Your body crumbles into a pile of gold.

#######...#
~~~~~~~.P.#
#######..P#
##.~.~~~# #.~~~.~##
#####......#
##.~~..~.~~##
.~##~#$l~.#~#...~#
~.~.r.~K@.#~#~..~P#
~~.~~~$r~~#~#~.~P.#
..~~...P~.#~#~~PP.#
.~~~~#~#~.#!#..PP.#
~~~~~#~#########..#
~.~~ #~ ..~~ #~ P~~
#~


You could see a river rat, a kobold, a frilled lizard and a rat.

Vanquished Creatures
  A worm (D:2)
  3 endoplasms
  A giant cockroach (D:3)
  2 goblins (D:1)
  7 jackals (D:1)
  A quokka (D:1)
  5 ball pythons
  A bat (D:1)
  4 frilled lizards
  6 rats
31 creatures vanquished.

Notes
Turn   | Place    | Note
-------+----------+-------------------------------------------
     0 | D:1      | dialectric the Vine Stalker Fighter began the quest for the
                  | Orb.
     0 | D:1      | Reached XP level 1. HP: 11/11 MP: 2/2
    87 | D:1      | Reached XP level 2. HP: 14/16 MP: 3/3
   563 | D:1      | Found a faded altar of an unknown god.
   639 | D:1      | Prayed at the altar of an unknown god.
   639 | D:1      | Became a worshipper of Gozag Ym Sagoz the Greedy
   683 | D:2      | Reached XP level 3. HP: 15/20 MP: 2/4
   752 | D:2      | Noticed Terence
   853 | D:3      | Found a glowing drain.
   900 | Sewer    | Entered a sewer
   940 | Sewer    | Slain by a river rat

Illustrated notes

Levels and vault maps discovered:
D:1:      dpeg_arrival_court, layout_loops_cross,
          hellmonk_ecumenical_altar_inner_sanctum,
          chequers_serial_rivers_micro_e, hangedman_decor_peaks_small
D:2:      layout_loops_ring, hangedman_decor_push, uniq_terence
D:3:      layout_basic, nicolae_overflow_ecumenical_swirl,
          cheibrodos_sewer_entry_drain, kennysheep_generic_room_14,
          uniq_sigmund, uniq_ijyb
Sewer:    sewer_co_scattered_pipes

Skill      XL: |  1  2  3 |
---------------+----------+-----
Long Blades    | 2 |  2.3
Fighting       | 3 |  3.0
Shields        | 3 |  3.0
Armour         | |  2.7
Dodging        | |  0.1

Action                     || total
---------------------------++-------
  Melee: Long sword        ||    79
         Bite              ||    20
         Punch             ||     1
    Use: Scroll            ||     1
 Armour: Scale mail        ||    62
  Dodge: Dodged            ||    69

Table legend: (Time is in decaauts)
 A = Elapsed time spent in this place.
 B = Non-inter-level travel time spent in this place.
 C = Inter-level travel time spent in this place.
 D = Time resting spent in this place.
 E = Time spent auto-exploring this place.
 F = Levels seen in this place.
 G = Mean time per level.
                   A        B        C        D        E       F      G
               +--------+--------+--------+--------+--------+-----+--------+
         Total |    973 |    897 |     76 |      0 |    589 |   4 |  243.2 |
       Dungeon |    926 |    850 |     76 |      0 |    585 |   3 |  308.7 |
         Sewer |     46 |     46 |      0 |      0 |      4 |   1 |   46.0 |
               +--------+--------+--------+--------+--------+-----+--------+

Top non-repeatable levels by time:
     D:1: 685 daAuts
     D:3: 139 daAuts
     D:2: 101 daAuts
   Sewer: 46 daAuts
